 Dungeon Crawl Stone Soup version 0.31.0-32-g396128a36d (webtiles) character file.

Game seed: 15555541656885981424

32 Peloso the Covered (level 3, -1/33 HPs)
             Began as a Minotaur Fighter on Mar 28, 2024.
             Slain by Sigmund
             ... wielding a +2 vampiric scythe
              (5 damage)
             ... on level 2 of the Dungeon.
             The game lasted 00:01:58 (829 turns).

Peloso the Covered (Minotaur Fighter)                Turns: 829, Time: 00:01:59

Health: -1/33      AC:  7    Str: 20    XL:     3   Next: 8%
Magic:  2/2        EV:  9    Int:  5    God:
Gold:   86         SH:  0    Dex: 11    Spells: 2/2 levels left

rFire   . . .        a - +0 long sword
rCold   . . .        c - +0 buckler
rNeg    . . .        b - +0 scale mail
rPois   .            (helmet restricted)
rElec   .            (no cloak)
rCorr   .            (no gloves)
SInv    .            (no boots)
Will    .....        (no amulet) Stlth
                     (no ring)
HPRegen 0.25/turn    (no ring)
MPRegen 0.08/turn

%: no passive effects
@: confused
A: horns 2, retaliatory headbutt
a: no special abilities


You were on level 2 of the Dungeon.
You visited 1 branch of the dungeon, and saw 2 of its levels.

You collected 86 gold pieces.

Inventory:

Hand Weapons
 a - a +0 long sword (weapon)
Armour
 b - a +0 scale mail (worn)
 c - a +0 buckler (worn)
Jewellery
 h - a ring of wizardry
Wands
 f - a wand of charming (9)
Scrolls
 i - a scroll of teleportation {unknown}
Potions
 d - a potion of might
 e - a potion of brilliance
 g - a potion of cancellation {unknown}


   Skills:
 + Level 4.1 Fighting
 + Level 2.5 Long Blades
 + Level 4.4 Armour
 + Level 0.6 Dodging
 + Level 3.8 Shields


You had 2 spell levels left.
You didn't know any spells.
Your spell library contained the following spells:

 Spells                   Type           Power      Damage    Failure   Level
 Apportation              Tloc           0%         N/A       88%         1
 Jinxbite                 Hex            0%         N/A       95%         2
 Hailstorm                Conj/Ice       0%         3d5       99%         3
 Summon Ice Beast         Ice/Summ       0%         N/A       99%         3
 Alistair's Intoxication  Alch           0%         N/A       100%        5
 Sculpt Simulacrum        Ice/Alch       0%         N/A       100%        6


Dungeon Overview and Level Annotations

Branches:
Dungeon (2/15)

Altars:

Annotations:
D:2 Sigmund


Innate Abilities, Weirdness & Mutations

You have a pair of horns on your head.
You reflexively headbutt those who attack you in melee.


Message History

The magic dart hits you. Sigmund barely misses you.
Found a scroll labelled LAIQIXATYH.
You slash Sigmund!
Sigmund is moderately wounded.
Sigmund barely misses you.
You closely miss Sigmund.
Sigmund is moderately wounded.
Sigmund hits you with a +2 vampiric scythe!
You hit Sigmund but do no damage.
Sigmund is moderately wounded.
Sigmund barely misses you. You furiously retaliate!
You headbutt Sigmund. You barely miss Sigmund.
Sigmund is heavily wounded.
Sigmund hits you with a +2 vampiric scythe.
Sigmund draws strength from your wounds!
You hit Sigmund. You headbutt Sigmund.
Sigmund is heavily wounded.
Sigmund asks, "Do you like me?"
Sigmund gestures wildly while chanting.
Sigmund flickers and vanishes!
Deactivating autopickup; reactivate with Ctrl-A.
You closely miss something. Your headbutt misses something. Something hits you.
You slash something! Something hits you.
You miss something. You miss something. Something hits you.
You barely miss something. You headbutt something!
You hear some strange, mumbled words.
Something tries to affect you, but you resist.
You block something's attack.
You miss something. You miss something. You headbutt something.
You hear some strange, mumbled words.
You are confused.
Something hits you!
* * * LOW HITPOINT WARNING * * *
You closely miss something.
You bump into the rock wall.
Something hits you but does no damage.
You miss something. Something hits you.
You die...

###.........#
#...#####...#
##...#.# #..#
#.....#.######..#
#.....#.........#
#....$.........##
................#..
#..................
...........@######
#.......<...{#
...............
#...$...........#
...........##....
#####.##### ....#
#. ...# # ..?#


There were no monsters in sight!

Vanquished Creatures
  A dart slug (D:1)
  5 orcs (D:1)
  3 ball pythons (D:1)
  An endoplasm (D:1)
  2 giant cockroaches (D:1)
  3 goblins (D:1)
  2 hobgoblins (D:1)
  A bat (D:1)
  2 frilled lizards (D:1)
  2 kobolds
  A rat (D:1)
23 creatures vanquished.

Notes
Turn   | Place    | Note
-------+----------+-------------------------------------------
     0 | D:1      | Peloso the Minotaur Fighter began the quest for the Orb.
     0 | D:1      | Reached XP level 1. HP: 19/19 MP: 0/0
   247 | D:1      | Reached XP level 2. HP: 27/27 MP: 1/1
   526 | D:1      | You fall into a shaft and drop 1 floor!
   742 | D:1      | Reached XP level 3. HP: 22/33 MP: 2/2
   810 | D:2      | Noticed Sigmund
   829 | D:2      | Slain by Sigmund

Illustrated notes

Levels and vault maps discovered:
D:1:      minmay_arrival_radiant_lines, layout_basic, nrook_loot_triangle
D:2:      layout_rooms, nicolae_half_adder, uniq_sigmund,
          uniq_crazy_yiuf_cottage

Skill      XL: |  1  2 |
---------------+-------+-----
Armour         | 4 |  4.4
Fighting       | 4 |  4.1
Long Blades    | |  2.5
Dodging        | |  0.6
Shields        | |  3.8

Action                     || total
---------------------------++-------
  Melee: Long sword        ||    75
         Headbutt          ||    11
    Use: Potion            ||     2
         Scroll            ||     1
 Armour: Scale mail        ||    55
  Dodge: Dodged            ||    41
  Block: Buckler           ||    18
